 Dungeon Crawl Stone Soup version 0.31-a0-544-gceb718e (webtiles) character file.

Game seed: 7155689995396106489

1826885 Wizard1ke the Kobold-At-Arms (level 27, 216/216 HPs)
             Began as a Kobold Monk on Aug 15, 2023.
             Was a Believer of Okawaru.
             Escaped with the Orb
             ... and 3 runes!
             The game lasted 02:31:19 (57162 turns).

Wizard1ke the Kobold-At-Arms (Kobold Monk)         Turns: 57162, Time: 02:31:20

Health: 216/216    AC: 13    Str:  8    XL:     27
Magic:  36/36      EV: 48    Int: 14    God:    Okawaru [**....]
Gold:   6058       SH:  0    Dex: 32    Spells: 23/26 levels left

rFire   + + .        W - +9 triple crossbow (freeze)
rCold   + + .        (shield currently unavailable)
rNeg    . . .        y - +1 leather armour of Disus {rF+ Will+ Regen+}
rPois   +            H - +4 helmet of Ynaig {rElec}
rElec   +            Z - scarf {rC+ rF+}
rCorr   +            g - +2 pair of gloves
SInv    +            r - +0 pair of boots of the Trombone {Regen+ Int+2}
Will    +++..        o - amulet "Aciraseh" {RegenMP rC+ Regen+ Slay+5 Stlth-}
Stlth   +            z - ring of see invisible
HPRegen 3.76/turn    C - ring of Zozibuw {rPois rCorr Int-2 Dex+3}
MPRegen 0.65/turn

%: no passive effects
@: finesse-ful, studying 3 skills
A: small, no large weapons, nightstalker 3, deterioration 1, low MP 1, mutation
resistance 1, regeneration 1, robust 1
0: Orb of Zot
}: 3/15 runes: barnacled, silver, gossamer
a: Renounce Religion, Heroism


You escaped.
You worshipped Okawaru.
Okawaru was pleased with you.
You visited 10 branches of the dungeon, and saw 48 of its levels.
You visited the Abyss 1 time.
You also visited: Trove, Sewer, Ossuary, Bailey and Ice Cave.

You collected 9669 gold pieces.
You spent 3611 gold pieces at shops.

Inventory:

Hand Weapons
 W - a +9 triple crossbow of freezing (weapon)
Missiles
 J - 5 throwing nets
Armour
 g - a +2 pair of gloves (worn)
 r - the +0 pair of boots of the Trombone (worn) {Regen+ Int+2}
   (Okawaru gifted it to you on level 3 of the Spider Nest)

   Int+2:     It affects your intelligence (+2).
   Regen+:    It increases your rate of health regeneration.
 y - the +1 leather armour of Disus (worn) {rF+ Will+ Regen+}
   (You found it on level 5 of the Vaults)

   rF+:       It protects you from fire.
   Will+:     It increases your willpower.
   Regen+:    It increases your rate of health regeneration.
 H - the +4 helmet of Ynaig (worn) {rElec}
   (Okawaru gifted it to you on level 3 of the Lair of Beasts)

   rElec:     It insulates you from electricity.
 M - a +2 cloak of poison resistance
 N - a +2 robe of resistance
 U - the +0 helmet of Darkness {rElec rN+ Str+2}
   (Okawaru gifted it to you on level 4 of the Lair of Beasts)

   Str+2:     It affects your strength (+2).
   rElec:     It insulates you from electricity.
   rN+:       It protects you from negative energy.
 Y - a scarf of repulsion
 Z - a scarf of resistance (worn)
Jewellery
 b - a ring of positive energy
 f - an amulet of faith
 i - a ring of willpower
 o - the amulet "Aciraseh" (around neck) {RegenMP rC+ Regen+ Slay+5 Stlth-}
   (You acquired it on level 4 of the Vaults)

   [amulet of magic regeneration]

   RegenMP:   It increases your rate of magic regeneration.
   Slay+5:    It affects your accuracy & damage with ranged weapons and melee
   (+5).
   rC+:       It protects you from cold.
   Regen+:    It increases your rate of health regeneration.
   Stlth-:    It makes you less stealthy.
 u - a ring of positive energy
 z - a ring of see invisible (left hand)
 C - the ring of Zozibuw (right hand) {rPois rCorr Int-2 Dex+3}
   (You found it on level 4 of the Shoals)

   [ring of poison resistance]

   Int-2:     It affects your intelligence (-2).
   Dex+3:     It affects your dexterity (+3).
   rPois:     It protects you from poison rCorr: It protects you from acid and
   corrosion.
 O - a ring of protection from fire
 P - a ring of protection from fire
Wands
 e - a wand of roots (57)
 A - a wand of digging (15)
 D - a wand of light (24)
 I - a wand of mindburst (30)
 T - a wand of paralysis (25)
Scrolls
 c - 4 scrolls of silence {!r}
 k - 23 scrolls of teleportation
 m - 17 scrolls of blinking
 s - 8 scrolls of immolation
 t - 11 scrolls of vulnerability
 E - 15 scrolls of fog
 F - 12 scrolls of fear
 G - 9 scrolls of poison
 L - 2 scrolls of brand weapon
 V - 3 scrolls of revelation
 X - a scroll of enchant armour
Potions
 a - a potion of resistance
 h - 13 potions of heal wounds
 j - 9 potions of ambrosia
 l - 11 potions of brilliance
 p - 13 potions of lignification
 v - 11 potions of haste
 w - 18 potions of curing
 x - 9 potions of enlightenment
 B - 2 potions of might
 K - 6 potions of attraction
 Q - 10 potions of mutation
 R - 6 potions of invisibility
 S - 5 potions of magic
Miscellaneous
 d - a lightning rod (4/4)
 n - a phial of floods
 q - a condenser vane


   Skills:
 + Level 26.7 Fighting
 - Level 4.0 Short Blades
 O Level 27 Ranged Weapons
 + Level 26.9 Dodging
 - Level 8.0 Translocations
 O Level 27 Invocations
 - Level 10.0 Evocations


You had 23 spell levels left.
You knew the following spells:

 Your Spells              Type           Power      Damage    Failure   Level
a - Apportation           Tloc           44%        N/A       1%          1
b - Blink                 Tloc           44%        N/A       2%          2

Your spell library contained the following spells:

 Spells                   Type           Power      Damage    Failure   Level
 Lesser Beckoning         Tloc           44%        N/A       2%          2
 Teleport Other           Tloc           22%        N/A       4%          3
 Momentum Strike          Conj/Tloc      22%        3d8       12%         2
 Manifold Assault         Tloc           22%        N/A       16%         4
 Passage of Golubria      Tloc           22%        N/A       16%         4
 Vhi's Electric Charge    Tloc/Air       22%        N/A       24%         3
 Kiss of Death            Conj/Necr      0%         2d5       38%         1
 Magic Dart               Conj           0%         1d3       38%         1
 Necrotise                Necr           0%         1d4       38%         1
 Sandblast                Erth           0%         2d4       38%         1
 Slow                     Hex            0%         N/A       38%         1
 Sting                    Tmut/Pois      0%         1d3       38%         1
 Cigotuvi's Dreadful Rot  Necr/Pois/Air  0%         N/A       54%         2
 Passwall                 Tmut/Erth      0%         N/A       54%         2
 Poisonous Vapours        Pois/Air       0%         N/A       54%         2
 Scorch                   Fire           0%         2d5       54%         2
 Searing Ray              Conj           0%         2d4       54%         2
 Wereblood                Tmut           0%         N/A       54%         2
 Iskenderun's Mystic Bla  Conj/Tloc      11%        2d4       63%         4
 Confusing Touch          Hex            0%         N/A       77%         3
 Frozen Ramparts          Ice            0%         1d1       77%         3
 Ignite Poison            Fire/Tmut/Pois 0%         N/A       77%         3
 Inner Flame              Hex/Fire       0%         N/A       77%         3
 Mephitic Cloud           Conj/Pois/Air  0%         N/A       77%         3
 Ozocubu's Armour         Ice            0%         N/A       77%         3
 Stone Arrow              Conj/Erth      0%         3d7       77%         3
 Vampiric Draining        Necr           0%         2d6       77%         3
 Anguish                  Hex/Necr       0%         N/A       99%         4
 Cause Fear               Hex            0%         N/A       99%         4
 Dispel Undead            Necr           0%         3d6       99%         4
 Flame Wave               Conj/Fire      0%         2d4       99%         4
 Fulminant Prism          Conj/Hex       0%         3d5       99%         4
 Leda's Liquefaction      Hex/Erth       0%         N/A       99%         4
 Olgreb's Toxic Radiance  Pois           0%         N/A       99%         4
 Petrify                  Tmut/Erth      0%         N/A       99%         4
 Sticky Flame             Conj/Fire      0%         2d3       99%         4
 Agony                    Necr           0%         N/A       100%        5
 Alistair's Intoxication  Tmut/Pois      0%         N/A       100%        5
 Arcjolt                  Conj/Air       0%         1d10      100%        5
 Borgnjor's Vile Clutch   Necr/Erth      0%         N/A       100%        5
 Fireball                 Conj/Fire      0%         3d3       100%        5
 Irradiate                Conj/Tmut      0%         3d11      100%        5
 Iskenderun's Battlesphe  Conj           0%         2d6       100%        5
 Lee's Rapid Deconstruct  Erth           0%         3d4*      100%        5
 Metabolic Englaciation   Hex/Ice        0%         N/A       100%        5
 Silence                  Hex/Air        0%         N/A       100%        5
 Yara's Violent Unravell  Hex/Tmut       0%         3d3       100%        5
 Eringya's Noxious Bog    Tmut/Pois      0%         4d6       100%        6
 Leda's Unmaking          Conj/Erth      0%         9d1       100%        6
 Plasma Beam              Fire/Air       0%         2x1d10    100%        6
 Enfeeble                 Hex            0%         N/A       100%        7
 Ozocubu's Refrigeration  Ice            0%         4d7       100%        7
 Discord                  Hex            0%         N/A       100%        8
 Ignition                 Fire           0%         3d3       100%        8
 Lehudib's Crystal Spear  Conj/Erth      0%         10d2      100%        8
 Polar Vortex             Ice            0%         N/A       100%        9
 Shatter                  Erth           0%         3d5*      100%        9
 Summon Small Mammal      Summ           Unusable   N/A       N/A         1
 Call Imp                 Summ           Unusable   N/A       N/A         2
 Summon Forest            Summ/Tloc      Unusable   N/A       N/A         5
 Animate Armour           Summ/Erth      Unusable   N/A       N/A         4
 Summon Ice Beast         Ice/Summ       Unusable   N/A       N/A         4
 Summon Mana Viper        Hex/Summ       Unusable   N/A       N/A         5
 Simulacrum               Ice/Necr       Unusable   N/A       N/A         6
 Summon Cactus Giant      Summ           Unusable   N/A       N/A         6
 Monstrous Menagerie      Summ           Unusable   N/A       N/A         7
 Spellforged Servitor     Conj/Summ      Unusable   N/A       N/A         7
 Summon Hydra             Summ           Unusable   N/A       N/A         7
 Infestation              Necr           Unusable   N/A       N/A         8

Dungeon Overview and Level Annotations

Branches:
Dungeon (15/15)            Temple (1/1) D:5            Lair (5/5) D:8
 Shoals (4/4) Lair:3       Spider (4/4) Lair:2        Slime (0/5) Lair:5
    Orc (2/2) D:9             Elf (3/3) Orc:2        Vaults (5/5) D:13
  Crypt (0/3) Vaults:2     Depths (4/4) D:15            Zot (5/5) Depths:4
  Sewer (visited)         Ossuary (visited)          Bailey (visited)
  IceCv (visited)

Altars:
Ashenzari
Cheibriados
Dithmenos
Elyvilon
Fedhas
Gozag
Hepliaklqana
Kikubaaqudgha
Makhleb
Nemelex Xobeh
Okawaru
Qazlal
Ru
Sif Muna
Trog
Uskayaw
Vehumet
Wu Jian
Xom
Yredelemnul
Zin
The Shining One
Jiyva

Shops:
D:11 [   Orc:1 ?   Orc:2 *([:   Elf:2 !??[   Shoals:1 [[[:   Shoals:2 (
Shoals:3 (   Shoals:4 (   Vaults:1 !   Vaults:2 (   Vaults:4 *=:(   Zot:5 *

Portals:
Hell: Depths:1 Depths:2 Depths:3 Depths:4
Abyss: Depths:1 Depths:2 Depths:3
Pandemonium: Depths:2 Depths:4
Ziggurat: Depths:3

Annotations:
D:3 Sigmund
Shoals:4 Roxanne
Orc:1 1 runed translucent door, exclusion: door, Raga's ghost, journeyman DsFi
Elf:2 5 runed translucent doors
Vaults:4 2 transporters, 36 runed doors
Vaults:5 !vaults warning
Depths:3 3 runed translucent doors, exclusion: 3 doors, Dega's ghost, adept SpHu; Dirar's ghost, veteran MiFi; Miesmyri's ghost, veteran HOFi; Plog's ghost, veteran DsAK; Uthrad's ghost, adept TrGl


Innate Abilities, Weirdness & Mutations

You are small and have problems with some larger weapons.
You are completely attuned to the shadows.
Your body sometimes deteriorates upon taking damage.
Your magical capacity is low. (-10% MP)
You are somewhat resistant to further mutation.
Your natural rate of healing is unusually fast.
You are robust. (+10% HP)


Message History

You finish putting on the amulet "Aciraseh" {RegenMP rC+ Regen+ Slay+5 Stlth-}.
The amulet "Aciraseh" throbs as it attunes itself to your uninjured body.
o - the amulet "Aciraseh" (around neck) {RegenMP rC+ Regen+ Slay+5 Stlth-} You can now deal lightning-fast blows.
You can no longer speed up your combat.
Okay, then.
Okay, then.
Unknown command.
Unknown command.
Unknown command.
Really put on
f - an amulet of faith?
You start removing your amulet.
You continue taking off the amulet "Aciraseh" {RegenMP rC+ Regen+ Slay+5 Stlth-}. x4
You finish taking off the amulet "Aciraseh" {RegenMP rC+ Regen+ Slay+5 Stlth-}.
You start putting on your amulet.
You continue putting on your amulet of faith. x4
Magic restored.
You continue putting on your amulet of faith.
You finish putting on your amulet of faith.
You feel a surge of divine interest.
f - an amulet of faith (around neck) Really remove
f - an amulet of faith?
You start removing your amulet.
You continue taking off your amulet of faith. x4
You finish taking off your amulet of faith.
Okawaru seems less interested in you.
You feel less pious.
Okawaru will no longer gift you throwing weapons.
You start putting on your amulet.
You continue putting on the amulet "Aciraseh" {RegenMP rC+ Regen+ Slay+5 Stlth-}. x5
You finish putting on the amulet "Aciraseh" {RegenMP rC+ Regen+ Slay+5 Stlth-}.
The amulet "Aciraseh" throbs as it attunes itself to your uninjured body.
o - the amulet "Aciraseh" (around neck) {RegenMP rC+ Regen+ Slay+5 Stlth-} Your blows are lightning fast.
You are studying Staves, Hexes and Translocations.
Your movement speed is average.
Your attack delay is about 0.5 (and cannot be improved with additional weapon skill).
Your damage rating with your +9 triple crossbow of freezing is about 93 (Base 23 x 155% (Dex) x 222% (Skill) + 14 (Ench + Slay)).
Your base attributes are Str 8, Int 14, Dex 29.
Unknown command.
You have escaped!

.........♣.............♣.........
......♣♣♣~♣.....PP....♣~♣♣♣......
.....♣...♣~♣...PPPP..♣~♣...♣.....
...#♣.....♣~♣PPPPPPP♣~♣.....♣....
....♣......♣~♣PPPPP♣~♣......♣....
....♣......P♣~♣PPP♣~♣P......♣.#..
....♣.....PPP♣~♣♣♣~♣PPP.....♣.#..
.....♣...PPPPP♣~~~♣PPPPP...♣.....
......♣..PPPPP♣~@~♣PPPPP..♣...##.
##.#.♣....PPPP♣~~~♣PPPP....♣.....
##†#♣......PP♣~♣♣♣~♣PP......♣>..#
...#♣......P♣~♣PPP♣~♣P......♣##.#
...#♣......♣~♣PPPPP♣~♣......♣....
....♣.....♣~♣PPPPPPP♣~♣.....♣.#..
....#♣...♣~♣..PPPP...♣~♣...♣#.###
....##♣♣♣~♣....PP.....♣~♣♣♣##....
...######♣.............♣# #....#


There were no monsters in sight!

Vanquished Creatures
  6 dread liches
  3 ancient liches (Zot:5)
  6 orbs of fire
  A juggernaut (Depths:3)
  Bai Suzhen (Spider:3)
  Boris (Depths:4)
  Frederick (Depths:4)
  7 Killer Klowns
  Saint Roka (Vaults:4)
  5 curse toes
  5 caustic shrikes
  Xtahua (Depths:4)
  9 golden dragons
  An iron giant (Depths:3)
  4 electric golems
  Rupert (D:15)
  A walking earthen tome (Depths:3)
  5 liches
  16 tentacled monstrosities
  2 walking crystal tomes
  Mlioglotl (Spider:3)
  25 Orb Guardians (Zot:5)
  5 titans
  12 quicksilver dragons
  2 deep elf master archers (Elf:3)
  2 deep elf blademasters (Elf:3)
  9 sphinxes
  A kraken (Shoals:4)
  13 death cobs
  19 storm dragons
  Kirke (Lair:3)
  6 draconian monks
  11 shadow dragons
  10 tengu reavers
  Donald (Spider:3)
  7 fire giants
  7 draconian knights
  6 draconian scorchers
  2 emperor scorpions (Spider:4)
  5 frost giants
  7 deep elf sorcerers
  3 deep elf elementalists (Elf:3)
  11 ghost moths
  4 orc warlords
  14 vault wardens
  8 draconian annihilators
  19 very ugly things
  11 draconian shifters
  A juggernaut skeleton (D:15)
  5 broodmothers
  3 formless jellyfish
  5 spriggan defenders
  16 ironbound preservers
  A war gargoyle (Vaults:5)
  16 stone giants
  16 green draconians
  6 ironbound thunderhulks
  A vampire knight (Depths:4)
  16 black draconians
  4 deep elf annihilators
  8 purple draconians
  4 deep elf demonologists (Elf:3)
  7 white draconians
  14 red draconians
  11 dire elephants
  A lorocyproca (Depths:2)
  6 spark wasps
  9 yellow draconians
  Snorg (D:9)
  11 ettins
  8 deep elf death magi
  A blizzard demon (Depths:4)
  3 merfolk javelineers (Shoals:4)
  10 merfolk impalers
  3 great orbs of eyes
  10 fire dragons
  4 deep elf high priests
  5 entropy weavers
  7 ice dragons
  A spriggan zombie (Depths:1)
  15 yaktaur captains
  3 jorogumos
  3 rakshasas (Depths:2)
  A hell beast (D:11)
  32 vault guards
  A catoblepas (D:13)
  An ogre mage (D:15)
  A juggernaut simulacrum (Depths:2)
  A peacekeeper (Vaults:4)
  A sphinx zombie (Depths:2)
  4 merfolk avatars
  6 ironbound frosthearts
  2 radroaches
  9 spriggan air magi
  2 alligator snapping turtles
  12 centaur warriors
  8 hydras
  4 merfolk aquamancers
  4 boulder beetles
  4 deep troll shamans
  3 satyrs
  21 dancing weapons
  8 demonic crawlers
  11 two-headed ogres
  5 tengu warriors
  7 death yaks
  A titan zombie (Depths:2)
  3 orc high priests
  3 spriggan berserkers
  6 deep troll earth magi
  A titan skeleton (Depths:1)
  Urug (Orc:1)
  Nergalle (Lair:2)
  A hell knight (Depths:2)
  15 deep elf knights
  5 skysharks
  2 spriggans (Depths:2)
  6 iron trolls
  2 skeletal warriors (D:15)
  2 death drakes (Depths:4)
  34 deep trolls
  8 pharaoh ants
  A sun moth (Spider:3)
  3 flayed ghosts
  A goliath frog (Lair:5)
  11 orb spiders
  Lodul (D:10)
  14 sea snakes
  3 glowing orange brains
  12 deep elf archers
  7 steelbarb worms
  13 ironbound convokers
  6 necromancers
  7 wizards
  6 phantasmal warriors
  A kraken simulacrum (Shoals:4)
  21 harpies
  A frost giant zombie (D:15)
  A tengu zombie (D:15)
  38 deep elf pyromancers
  26 deep elf zephyrmancers
  7 cyclopes
  4 lindwurms
  A manticore (shapeshifter) (Vaults:5)
  11 orc knights
  4 orc sorcerers
  14 wolf spiders
  10 fauns
  12 elephants
  42 ugly things
  5 black mambas
  A human skeleton (Vaults:2)
  2 iron dragon skeletons
  3 frost giant skeletons
  3 rust devils
  7 manticores
  23 moths of wrath
  A moth of wrath (shapeshifter) (Depths:3)
  22 vault sentinels
  49 slime creatures
  A black mamba (shapeshifter) (D:13)
  8 merfolk sirens
  A torpor snail (shapeshifter) (Elf:1)
  A stone giant skeleton (D:15)
  6 water nymphs
  5 torpor snails
  3 ice statues
  An orange demon (D:11)
  15 cane toads
  An eye of devastation (shapeshifter) (Depths:1)
  A titan simulacrum (Depths:2)
  A smoke demon (D:12)
  An apocalypse crab (Abyss:2)
  3 gargoyles
  A hellion (D:15)
  An ice devil (Depths:4)
  7 rime drakes
  36 yaktaurs
  Maggie (D:6)
  4 freezing wraiths
  10 komodo dragons
  An unseen horror zombie (D:9)
  A red devil (Depths:4)
  An efreet (D:13)
  5 tengu conjurers
  A yaktaur skeleton (Vaults:2)
  A merfolk (shapeshifter) (Vaults:5)
  10 trolls
  5 wind drakes
  A wolf spider simulacrum (D:13)
  7 large abominations
  6 meliai
  33 merfolk
  7 polar bears
  10 hornets
  A tengu simulacrum (Depths:2)
  4 tyrant leeches (Lair:5)
  12 tarantellas
  30 blink frogs
  8 snapping turtles
  A fire giant simulacrum (Depths:1)
  17 dream sheep
  21 jumping spiders
  3 shadows
  A centaur simulacrum (D:15)
  An air elemental (Elf:3)
  11 wyverns
  15 water elementals
  24 culicivoras
  3 wraiths
  31 yaks
  2 humans (Lair:3)
  5 basilisks
  7 fire elementals
  3 steam dragons
  40 redbacks
  20 vampire mosquitoes
  A neqoxec (Depths:4)
  2 hogs (Lair:3)
  A redback simulacrum (D:14)
  10 wargs
  Menkaure (D:5)
  4 acid dragons
  14 water moccasins
  A hell hound (D:15)
  Duvessa (D:5)
  47 orc warriors
  A floating eye (Depths:2)
  6 ice beasts
  5 black bears (Lair:2)
  A small abomination (Abyss:2)
  3 boggarts (Vaults:1)
  12 wolves
  18 ogres
  A wolf (shapeshifter) (Vaults:5)
  11 centaurs
  2 phantoms
  4 elf zombies (Elf:1)
  A kobold brigand (Sewer)
  Blork the orc (Orc:2)
  15 bullfrogs
  4 earth elementals
  A gnoll sergeant (D:6)
  9 scorpions
  14 wights
  Dowan (D:5)
  10 killer bees
  5 lindwurm simulacra (IceCv)
  An electric eel (Spider:4)
  8 centaur zombies
  7 howler monkeys
  6 komodo dragon simulacra (IceCv)
  2 human zombies
  14 orc priests
  Crazy Yiuf (D:2)
  A jelly (D:6)
  3 iguanas
  2 sleepcaps
  Natasha (thrice) (D:2)
  26 orc wizards
  5 hell rats
  4 howler monkey zombies (D:9)
  9 gnolls
  6 river rats
  5 acid dragon simulacra (IceCv)
  19 adders
  A shadow imp (D:8)
  6 white imps
  An ufetubus (D:7)
  3 steam dragon simulacra (IceCv)
  An adder zombie (Ossuary)
  2 worms
  2 dart slugs
  104 orcs
  11 ball pythons
  5 bats
  11 endoplasms
  9 giant cockroaches
  6 goblins
  9 hobgoblins
  A jackal (Sewer)
  4 quokkas
  3 training dummies (Shoals:2)
  7 frilled lizards
  4 gnoll zombies (Ossuary)
  3 goblin zombies (Ossuary)
  4 hobgoblin zombies (Ossuary)
  10 kobolds
  3 orc zombies (Ossuary)
  15 rats
  2 tentacles (Shoals:4)
2180 creatures vanquished.

Vanquished Creatures (others)
  A spriggan berserker (Depths:4)
  A spriggan (Depths:2)
  A harpy (Shoals:1)
  A hornet (Depths:2)
  A water moccasin (D:7)
  An orc (Vaults:5)
  10 tentacles (Shoals:4)
16 creatures vanquished.

Grand Total: 2196 creatures vanquished

Notes
Turn   | Place    | Note
-------+----------+-------------------------------------------
     0 | D:1      | Wizard1ke the Kobold Monk began the quest for the Orb.
     0 | D:1      | Reached XP level 1. HP: 14/14 MP: 1/1
    97 | D:1      | Reached XP level 2. HP: 19/19 MP: 2/2
   306 | D:1      | Reached skill level 1 in Ranged Weapons
   428 | D:1      | Reached XP level 3. HP: 19/24 MP: 3/3
   535 | D:1      | Found a faded altar of an unknown god.
   894 | D:2      | Noticed Natasha
   934 | D:2      | Killed Natasha
   935 | D:2      | Reached XP level 4. HP: 27/29 MP: 4/4
  1212 | D:2      | Reached XP level 5. HP: 23/33 MP: 5/5
  1240 | D:2      | Reached skill level 5 in Ranged Weapons
  1470 | D:2      | Noticed Natasha
  1516 | D:2      | Killed Natasha
  1644 | D:2      | Noticed Natasha
  1652 | D:2      | Killed Natasha
  1653 | D:2      | Reached XP level 6. HP: 38/38 MP: 6/6
  1808 | D:2      | Found a runed translucent door.
  1811 | D:2      | Noticed Crazy Yiuf
  1870 | D:3      | Found a shimmering altar of Xom.
  2310 | D:3      | Found an ornate altar of the Wu Jian Council.
  2585 | D:3      | Found a glowing silver altar of Zin.
  2585 | D:3      | Noticed Sigmund
  2814 | D:4      | You fall into a shaft and drop 1 floor!
  2814 | D:5      | Entered Level 5 of the Dungeon
  2814 | D:5      | Found a staircase to the Ecumenical Temple.
  2820 | Temple   | Entered the Ecumenical Temple
  2832 | Temple   | Became a worshipper of Warmaster Okawaru
  2832 | Temple   | Reached * piety under Okawaru
  2832 | Temple   | Reached ** piety under Okawaru
  2855 | D:4      | Found a burning altar of Makhleb.
  2939 | D:4      | Found a glowing drain.
  2980 | Sewer    | Entered a sewer
  2987 | Sewer    | Reached XP level 7. HP: 42/42 MP: 7/7
  3097 | Sewer    | Found a white marble altar of Elyvilon.
  3195 | D:4      | Identified the +2 robe of the Endless Expanse {rF+ Str-5
                  | Int+4 Archmagi}
  3395 | D:4      | Found an ancient bone altar of Kikubaaqudgha.
  3482 | D:4      | Found a sparkling altar of Nemelex Xobeh.
  3681 | D:5      | Reached skill level 5 in Dodging
  3701 | D:5      | Reached skill level 5 in Fighting
  3701 | D:5      | Reached XP level 8. HP: 45/49 MP: 8/8
  3920 | D:5      | Found a hide-covered altar of Uskayaw.
  3986 | D:5      | Noticed Duvessa
  3986 | D:5      | Noticed Dowan
  4017 | D:5      | Killed Duvessa
  4018 | D:5      | Reached skill level 1 in Invocations
  4022 | D:5      | Killed Dowan
  4702 | D:6      | Noticed Menkaure
  4806 | D:5      | Killed Menkaure
  4806 | D:5      | Reached *** piety under Okawaru
  4818 | D:6      | Reached XP level 9. HP: 55/55 MP: 9/11
  4877 | D:5      | Reached skill level 10 in Ranged Weapons
  5277 | D:6      | Found a snail-covered altar of Cheibriados.
  5408 | D:6      | Reached **** piety under Okawaru
  5411 | D:6      | Noticed Maggie
  5433 | D:6      | Killed Maggie
  5866 | D:7      | Found a hide-covered altar of Uskayaw.
  5965 | D:7      | Reached skill level 5 in Invocations
  6063 | D:7      | Reached XP level 10. HP: 63/63 MP: 13/13
  6193 | D:7      | Found a shimmering blue altar of Sif Muna.
  6313 | D:7      | Paralysed by a hornet for 3 turns
  6520 | D:7      | Found an opulent altar of Gozag.
  7202 | D:2      | Killed Crazy Yiuf
  7424 | D:8      | Noticed a komodo dragon
  7434 | D:8      | Killed a komodo dragon
  7434 | D:8      | Reached ***** piety under Okawaru
  7485 | D:8      | Found a sand-covered staircase.
  7496 | Ossuary  | Entered an ossuary
  7817 | D:8      | Noticed a two-headed ogre
  7829 | D:8      | Killed a two-headed ogre
  7856 | D:8      | Found a staircase to the Lair.
  7885 | D:8      | Reached XP level 11. HP: 42/68 MP: 16/16
  8047 | D:8      | Reached skill level 10 in Dodging
  8073 | D:8      | Found a broken altar of Ashenzari.
  8555 | D:9      | Found a basalt altar of Yredelemnul.
  8652 | D:9      | Found a staircase to the Orcish Mines.
  8780 | D:9      | Found a flagged portal.
  8802 | Bailey   | Entered a bailey
  9190 | Bailey   | Noticed an orc knight
  9222 | Bailey   | Killed an orc knight
  9239 | Bailey   | Found a large runed translucent door.
  9244 | Bailey   | Found a large runed translucent door.
  9244 | Bailey   | Noticed a deep elf pyromancer
  9253 | Bailey   | Killed a deep elf pyromancer
  9254 | Bailey   | Reached skill level 10 in Invocations
  9267 | Bailey   | Identified the +1 robe of Disappointment {rElec}
  9277 | Bailey   | Identified the +4 ring mail "Iprer" {Fly rPois Str+3}
  9567 | D:9      | Found a white marble altar of Elyvilon.
 10029 | D:9      | Reached ****** piety under Okawaru
 10210 | D:10     | Entered Level 10 of the Dungeon
 10247 | D:10     | Found a hazy altar of Hepliaklqana.
 10295 | D:10     | Identified the +6 quick blade "Vyl Uji" {freeze, +Blink
                  | rN+} (Okawaru gifted it to you on level 10 of the Dungeon)
 10295 | D:10     | Received a gift from Okawaru
 10417 | D:10     | Found a portal to a secret trove of treasure.
 10562 | D:10     | Noticed a deep elf pyromancer
 10573 | D:10     | Killed a deep elf pyromancer
 10574 | D:10     | Reached XP level 12. HP: 70/76 MP: 19/19
 10734 | D:10     | Found a blossoming altar of Fedhas.
 10781 | D:10     | Found a stormy altar of Qazlal.
 10830 | D:10     | Noticed Lodul
 10928 | D:10     | Killed Lodul
 11509 | Lair:1   | Entered Level 1 of the Lair of Beasts
 11745 | Lair:1   | Reached skill level 10 in Fighting
 12144 | Lair:1   | Reached skill level 15 in Ranged Weapons
 12654 | Lair:2   | Noticed a death yak
 12707 | Lair:2   | Killed a death yak
 12774 | Lair:2   | Noticed Nergalle
 12791 | Lair:2   | Killed Nergalle
 12834 | Lair:2   | Identified the +3 arbalest "Henaad" {penet, rF+} (Okawaru
                  | gifted it to you on level 2 of the Lair of Beasts)
 12834 | Lair:2   | Received a gift from Okawaru
 13097 | Lair:2   | Found a frozen archway.
 13105 | IceCv    | Entered an ice cave
 13133 | IceCv    | Reached XP level 13. HP: 78/84 MP: 20/20
 13567 | IceCv    | Noticed an ice dragon
 13762 | Lair:2   | Found a hole to the Spider Nest.
 14086 | Lair:2   | Identified the +3 chain mail of the Ego {rElec Int+3}
 14484 | Lair:3   | Identified the +4 helmet of Ynaig {rElec} (Okawaru gifted
                  | it to you on level 3 of the Lair of Beasts)
 14484 | Lair:3   | Received a gift from Okawaru
 14485 | Lair:3   | Noticed an eight-headed hydra
 14490 | Lair:3   | Killed an eight-headed hydra
 15223 | Lair:3   | Noticed Kirke
 15237 | Lair:3   | Killed Kirke
 15320 | Lair:3   | Found a staircase to the Shoals.
 15830 | Lair:4   | Reached XP level 14. HP: 92/92 MP: 13/21
 15841 | Lair:4   | Identified the +0 helmet of Darkness {rElec rN+ Str+2}
                  | (Okawaru gifted it to you on level 4 of the Lair of Beasts)
 15841 | Lair:4   | Received a gift from Okawaru
 16981 | Lair:5   | Entered Level 5 of the Lair of Beasts
 17383 | Lair:5   | Received a gift from Okawaru
 17668 | Lair:5   | Found a staircase to the Slime Pits.
 17668 | Lair:5   | Found a viscous altar of Jiyva.
 17680 | Lair:5   | Reached XP level 15. HP: 65/101 MP: 18/23
 17800 | Lair:5   | Reached skill level 15 in Dodging
 17842 | Lair:5   | Received a gift from Okawaru
 17982 | Lair:5   | Reached skill level 15 in Fighting
 18153 | Lair:5   | Received a gift from Okawaru
 18942 | D:11     | Identified the +7 long sword of Raoblicu {venom, Stlth+}
 18981 | D:11     | Learned a level 2 spell: Blink
 19486 | D:11     | Reached skill level 1 in Translocations
 19553 | D:11     | Found Gusos's Armour Shop.
 20982 | D:13     | Identified the +5 rapier of Dinosiq {pain, rElec Will+}
                  | (Okawaru gifted it to you on level 13 of the Dungeon)
 20982 | D:13     | Received a gift from Okawaru
 21639 | D:13     | Identified the +9 shadow dragon scales of Lihoef {Harm
                  | Int+4 Stlth++++} (Okawaru gifted it to you on level 13 of
                  | the Dungeon)
 21639 | D:13     | Received a gift from Okawaru
 21640 | D:13     | Reached XP level 16. HP: 79/108 MP: 19/25
 21983 | D:13     | Found a gate to the Vaults.
 22153 | Orc:1    | Entered Level 1 of the Orcish Mines
 22153 | Orc:1    | Noticed Urug
 22161 | Orc:1    | Killed Urug
 22188 | Orc:1    | Noticed Snorg
 22208 | D:9      | Killed Snorg
 22419 | Orc:1    | Gained mutation: Your body sometimes deteriorates upon
                  | taking damage. [a neqoxec]
 22664 | Orc:1    | Found a radiant altar of Vehumet.
 22747 | Orc:1    | Found a runed translucent door.
 22747 | Orc:1    | Noticed Raga's ghost (journeyman DsFi)
 22812 | Orc:1    | Found Wayntotiri's Magic Scroll Shop.
 22816 | Orc:1    | Bought 3 scrolls of poison for 156 gold pieces
 23008 | Orc:2    | Entered Level 2 of the Orcish Mines
 23153 | Orc:2    | Noticed Blork the orc
 23168 | Orc:2    | Killed Blork the orc
 23628 | Orc:2    | Found Pyihaliv's Antique Armour Shop.
 23648 | Orc:2    | Found Jumetiw's General Store.
 23661 | Orc:2    | Reached skill level 5 in Translocations
 23665 | Orc:2    | Found Tubilyf's Antique Weapon Shop.
 23681 | Orc:2    | Found Nijaklis's Book Shop.
 23867 | Orc:2    | Received a gift from Okawaru
 23999 | Orc:2    | Found a staircase to the Elven Halls.
 24068 | Orc:2    | Bought 2 scrolls of blinking for 240 gold pieces
 24092 | Orc:1    | Bought 2 scrolls of teleportation for 78 gold pieces
 24092 | Orc:1    | Bought a scroll of teleportation for 39 gold pieces
 24092 | Orc:1    | Bought a scroll of fog for 52 gold pieces
 24092 | Orc:1    | Bought a scroll of fog for 52 gold pieces
 25189 | D:14     | Found the +8 Vampire's Tooth {megavamp}
 25280 | D:15     | Entered Level 15 of the Dungeon
 25331 | D:15     | Noticed Rupert
 25342 | D:15     | Killed Rupert
 25389 | D:15     | Reached XP level 17. HP: 116/116 MP: 24/27
 25811 | D:15     | Received a gift from Okawaru
 25904 | D:15     | Found a sacrificial altar of Ru.
 25973 | D:15     | Identified the +6 scale mail of Elitism {Str+2}
 26052 | D:15     | Found a staircase to the Depths.
 26388 | Shoals:1 | Entered Level 1 of the Shoals
 26394 | Shoals:1 | Identified the +0 robe "Vewa" {Dex+3} (Okawaru gifted it to
                  | you on level 1 of the Shoals)
 26394 | Shoals:1 | Received a gift from Okawaru
 26451 | Shoals:1 | Found Vaimay's Antique Armour Emporium.
 26459 | Shoals:1 | Found Nibbuv's Armour Shoppe.
 26647 | Shoals:1 | Found Saviar's Armour Shoppe.
 26995 | Shoals:1 | Found Wafa's Book Shop.
 27006 | Shoals:1 | Bought a book of Cantrips for 144 gold pieces
 27008 | Shoals:1 | Learned a level 1 spell: Apportation
 27585 | Shoals:2 | Found Orchyqus's Firing Range.
 28269 | Shoals:3 | Reached XP level 18. HP: 124/124 MP: 28/28
 28547 | Shoals:3 | Identified the +0 chain mail "Wayd" {rN++ Dex-5} (Okawaru
                  | gifted it to you on level 3 of the Shoals)
 28547 | Shoals:3 | Received a gift from Okawaru
 28693 | Shoals:3 | Found Huifusua's Weapon Shop.
 29010 | Shoals:4 | Entered Level 4 of the Shoals
 29088 | Shoals:4 | Noticed Roxanne
 29306 | Shoals:4 | Identified the +7 rapier of Wyrd {freeze, Will+}
 29317 | Shoals:4 | Found Viloluadd's Antique Weapon Shoppe.
 29579 | Shoals:4 | Identified the staff of the Lamprey {rPois Str+4 Dex+5
                  | Poison}
 29830 | Shoals:4 | Reached skill level 15 in Invocations
 29893 | Shoals:4 | Noticed a kraken
 29903 | Shoals:4 | Killed a kraken
 29942 | Shoals:4 | Identified the ring of Zozibuw {rPois rCorr Int-2 Dex+3}
 30138 | Shoals:4 | Received a gift from Okawaru
 30173 | Shoals:4 | Got a barnacled rune of Zot
 30521 | Vaults:1 | Entered Level 1 of the Vaults
 30522 | Vaults:1 | Identified the +7 arbalest of Hodghas {flame, Fragile rElec
                  | rPois}
 30534 | Vaults:1 | Found Cubber's Distillery.
 30541 | Vaults:1 | Bought a potion of mutation for 112 gold pieces
 30541 | Vaults:1 | Bought a potion of magic for 112 gold pieces
 30541 | Vaults:1 | Bought a potion of invisibility for 112 gold pieces
 30541 | Vaults:1 | Bought a potion of mutation for 112 gold pieces
 30541 | Vaults:1 | Bought a potion of mutation for 112 gold pieces
 30854 | Vaults:1 | Reached XP level 19. HP: 117/131 MP: 30/30
 30861 | Vaults:1 | Received a gift from Okawaru
 31231 | Vaults:1 | Received a gift from Okawaru
 31294 | Vaults:1 | Got the Reference Book on Wicked Ceremonies and Attendants
 31760 | Vaults:1 | Noticed a lich
 31766 | Vaults:1 | Killed a lich
 32321 | Vaults:2 | Found Jetapove's Antique Weapon Boutique.
 32705 | Vaults:2 | Found a staircase to the Crypt.
 32705 | Vaults:2 | Found an ancient bone altar of Kikubaaqudgha.
 32705 | Vaults:2 | Found a basalt altar of Yredelemnul.
 32772 | Abyss:2  | Cast into level 2 of the Abyss (a wizard)
 32773 | Abyss:2  | Found a corrupted altar of Lugonu.
 32829 | Vaults:2 | Escaped the Abyss
 33449 | Vaults:2 | Reached XP level 20. HP: 130/140 MP: 31/31
 33877 | Vaults:2 | Identified the +2 scale mail of Okawaru, Dancing {Will++}
                  | (Okawaru gifted it to you on level 2 of the Vaults)
 33877 | Vaults:2 | Received a gift from Okawaru
 34074 | Vaults:3 | You fall into a shaft and drop 1 floor!
 34138 | Vaults:4 | Found Keemorr's Assorted Antiques.
 34140 | Vaults:4 | Identified a scroll of acquirement
 34141 | Vaults:4 | Acquired the amulet "Aciraseh" {RegenMP rC+ Regen+ Slay+5
                  | Stlth-}
 34158 | Vaults:4 | Bought a scroll of enchant armour for 210 gold pieces
 34158 | Vaults:4 | Bought a fizzy clear potion for 25 gold pieces
 34158 | Vaults:4 | Bought a scroll of teleportation for 84 gold pieces
 34170 | Vaults:4 | Found a transporter.
 35823 | Vaults:4 | Noticed Saint Roka
 35837 | Vaults:4 | Killed Saint Roka
 35878 | Vaults:4 | Identified the +10 plate armour of Waimp {Slay+2} (Okawaru
                  | gifted it to you on level 4 of the Vaults)
 35878 | Vaults:4 | Received a gift from Okawaru
 35956 | Vaults:4 | Found Feivivvy's Weapon Boutique.
 35992 | Vaults:4 | Found Zioblucw's Book Emporium.
 36168 | Vaults:4 | Found Jyqaiw's Jewellery Boutique.
 36202 | Vaults:4 | Found a transporter.
 36241 | Vaults:4 | Found a huge runed gate.
 36241 | Vaults:4 | Found a huge runed gate.
 36241 | Vaults:4 | Found a huge runed gate.
 36241 | Vaults:4 | Found a huge runed gate.
 36241 | Vaults:4 | Found a huge runed gate.
 36241 | Vaults:4 | Found a huge runed gate.
 36241 | Vaults:4 | Found a huge runed gate.
 36242 | Vaults:4 | Found a huge runed gate.
 36242 | Vaults:4 | Found a huge runed gate.
 36248 | Vaults:4 | Found a huge runed gate.
 36248 | Vaults:4 | Found a huge runed gate.
 36248 | Vaults:4 | Found a huge runed gate.
 36249 | Vaults:4 | Found a huge runed gate.
 36250 | Vaults:4 | Found a huge runed gate.
 36251 | Vaults:4 | Found a huge runed gate.
 36252 | Vaults:4 | Found a huge runed gate.
 36253 | Vaults:4 | Found a huge runed gate.
 36254 | Vaults:4 | Found a huge runed gate.
 36259 | Vaults:4 | Found a huge runed gate.
 36259 | Vaults:4 | Found a huge runed gate.
 36259 | Vaults:4 | Found a huge runed gate.
 36260 | Vaults:4 | Found a huge runed gate.
 36261 | Vaults:4 | Found a huge runed gate.
 36262 | Vaults:4 | Found a huge runed gate.
 36275 | Vaults:4 | Found a huge runed gate.
 36276 | Vaults:4 | Found a huge runed gate.
 36277 | Vaults:4 | Found a huge runed gate.
 36282 | Vaults:4 | Found a huge runed gate.
 36282 | Vaults:4 | Found a huge runed gate.
 36283 | Vaults:4 | Found a huge runed gate.
 36284 | Vaults:4 | Found a huge runed gate.
 36285 | Vaults:4 | Found a huge runed gate.
 36286 | Vaults:4 | Found a huge runed gate.
 36287 | Vaults:4 | Found a huge runed gate.
 36288 | Vaults:4 | Found a huge runed gate.
 36289 | Vaults:4 | Found a huge runed gate.
 37069 | Spider:1 | Entered Level 1 of the Spider Nest
 37145 | Spider:1 | Reached XP level 21. HP: 146/146 MP: 32/32
 38317 | Spider:3 | Noticed Donald
 38329 | Spider:3 | Killed Donald
 38362 | Spider:3 | Noticed Bai Suzhen
 38367 | Spider:3 | Killed Bai Suzhen
 38367 | Spider:3 | Identified the +0 pair of boots of the Trombone {Regen+
                  | Int+2} (Okawaru gifted it to you on level 3 of the Spider
                  | Nest)
 38367 | Spider:3 | Received a gift from Okawaru
 38577 | Spider:3 | Noticed Mlioglotl
 38587 | Spider:3 | Killed Mlioglotl
 39536 | Spider:4 | Entered Level 4 of the Spider Nest
 40602 | Spider:4 | Got a gossamer rune of Zot
 40884 | Elf:1    | Entered Level 1 of the Elven Halls
 40908 | Elf:1    | Reached XP level 22. HP: 152/152 MP: 35/35
 41382 | Elf:1    | Got the Disquisition on Debased Secrets
 41443 | Elf:1    | Identified the +0 hat "Pyskuzet" {Int+4} (Okawaru gifted it
                  | to you on level 1 of the Elven Halls)
 41443 | Elf:1    | Received a gift from Okawaru
 41761 | Elf:1    | Identified the +0 leather armour of Duty {rElec rC+ Regen+}
 42370 | Elf:2    | Acquired 1345 gold pieces
 42500 | Elf:2    | Found Iclai's Magic Scroll Emporium.
 42502 | Elf:2    | Found Kiollul's Distillery.
 42502 | Elf:2    | Found Ysukk's Antique Armour Emporium.
 42504 | Elf:2    | Bought a scroll of vulnerability for 76 gold pieces
 42504 | Elf:2    | Bought a scroll of revelation for 142 gold pieces
 42504 | Elf:2    | Bought a scroll of fog for 76 gold pieces
 42504 | Elf:2    | Bought a scroll of teleportation for 57 gold pieces
 42504 | Elf:2    | Bought a scroll of enchant armour for 142 gold pieces
 42506 | Elf:2    | Found Jaukhemp's Magic Scroll Shoppe.
 42508 | Elf:2    | Bought a potion of magic for 88 gold pieces
 42508 | Elf:2    | Bought a potion of mutation for 88 gold pieces
 42512 | Elf:2    | Bought a scroll of vulnerability for 56 gold pieces
 42512 | Elf:2    | Bought a scroll of teleportation for 42 gold pieces
 42512 | Elf:2    | Bought a scroll of acquirement for 728 gold pieces
 42512 | Elf:2    | Bought a scroll of vulnerability for 56 gold pieces
 42512 | Elf:2    | Bought a scroll of immolation for 56 gold pieces
 42521 | Elf:2    | Bought a runed helmet for 180 gold pieces
 42730 | Elf:2    | Found a huge runed translucent gate.
 42730 | Elf:2    | Found a huge runed translucent gate.
 42730 | Elf:2    | Found a huge runed translucent gate.
 42730 | Elf:2    | Found a huge runed translucent gate.
 42730 | Elf:2    | Found a huge runed translucent gate.
 42901 | Elf:3    | Entered Level 3 of the Elven Halls
 43058 | Elf:3    | Identified the amulet of Iludayng {Reflect rF- Str+5 Int+3
                  | SH+5}
 43072 | Arena    | Entered the Arena
 43510 | Elf:3    | Received a gift from Okawaru
 43519 | Elf:3    | Identified the +0 leather armour of the Comet {rPois Regen+
                  | Int-4}
 43540 | Elf:3    | Got the Secrets of Circular Logic
 43571 | Elf:3    | Got the Disquisition on Red Production
 43575 | Elf:3    | Got the Lessons on Displaced Nightshade
 43609 | Elf:3    | Reached skill level 1 in Evocations
 43669 | Elf:3    | Identified the staff "Vouzxun" {Fly rC+ Str+3 Stlth- Conj}
 43773 | Elf:3    | Reached XP level 23. HP: 148/149 MP: 38/38
 43953 | Elf:3    | Identified the +1 ring mail "Ziseru" {rElec rC- Regen+
                  | Int-5}
 44230 | Depths:1 | Entered Level 1 of the Depths
 44267 | Depths:1 | Found a gateway to Hell.
 44301 | Depths:1 | Reached skill level 5 in Evocations
 44521 | Depths:1 | Found a one-way gate to the infinite horrors of the Abyss.
 44676 | Depths:1 | Found an ornate altar of the Wu Jian Council.
 44981 | Depths:1 | Identified the +1 hat of Xig Ujirch {rF+ rN+ rCorr}
                  | (Okawaru gifted it to you on level 1 of the Depths)
 44981 | Depths:1 | Received a gift from Okawaru
 45391 | Depths:2 | Noticed a caustic shrike
 45398 | Depths:2 | Killed a caustic shrike
 45441 | Depths:2 | Reached skill level 10 in Evocations
 45589 | Depths:2 | Identified the +8 whip "Ickes" {holy, rPois rN++ rCorr
                  | Int-4}
 46031 | Depths:2 | Reached XP level 24. HP: 163/163 MP: 39/39
 46128 | Depths:2 | Found a one-way gate leading to the halls of Pandemonium.
 46188 | Depths:2 | Found a glowing golden altar of the Shining One.
 46501 | Depths:3 | Found a one-way gateway to a ziggurat.
 46537 | Depths:3 | Noticed a juggernaut
 46545 | Depths:3 | Killed a juggernaut
 46547 | Depths:3 | Identified the +2 arbalest of Offence {drain, Stlth+}
                  | (Okawaru gifted it to you on level 3 of the Depths)
 46547 | Depths:3 | Received a gift from Okawaru
 46699 | Depths:3 | Noticed a golden dragon
 46703 | Depths:3 | Killed a golden dragon
 46706 | Depths:3 | Acquired the +2 pair of boots "Ficu" {rPois}
 47082 | Depths:3 | Found a runed translucent gate.
 47082 | Depths:3 | Found a runed translucent gate.
 47083 | Depths:3 | Found a runed translucent gate.
 47086 | Depths:3 | Noticed Miesmyri's ghost (veteran HOFi)
 47086 | Depths:3 | Noticed Dirar's ghost (veteran MiFi)
 47088 | Depths:3 | Noticed Uthrad's ghost (adept TrGl)
 47088 | Depths:3 | Noticed Dega's ghost (adept SpHu)
 47611 | Depths:3 | Noticed Plog's ghost (veteran DsAK)
 47629 | Depths:4 | Entered Level 4 of the Depths
 47656 | Depths:4 | Noticed Frederick
 47662 | Depths:4 | Killed Frederick
 47662 | Depths:4 | Received a gift from Okawaru
 47867 | Depths:4 | Noticed a golden dragon
 47874 | Depths:4 | Killed a golden dragon
 47881 | Depths:4 | Noticed a golden dragon
 47896 | Depths:4 | Killed a golden dragon
 47905 | Depths:4 | Noticed a golden dragon
 47913 | Depths:4 | Killed a golden dragon
 48049 | Depths:4 | Noticed a golden dragon
 48055 | Depths:4 | Noticed Xtahua
 48056 | Arena    | Entered the Arena
 48111 | Depths:4 | Noticed a caustic shrike
 48111 | Depths:4 | Noticed a caustic shrike
 48111 | Depths:4 | Noticed a caustic shrike
 48126 | Depths:3 | Killed a golden dragon
 48150 | Depths:4 | Noticed a caustic shrike
 48154 | Depths:4 | Killed a caustic shrike
 48161 | Depths:4 | Killed a caustic shrike
 48169 | Depths:3 | Killed a caustic shrike
 48169 | Depths:3 | Received a gift from Okawaru
 48223 | Depths:4 | Killed Xtahua
 48406 | Depths:4 | Reached skill level 27 in Invocations
 48407 | Depths:4 | Noticed Boris
 48413 | Depths:4 | Killed Boris
 48510 | Depths:3 | Reached XP level 25. HP: 99/168 MP: 40/40
 48905 | Depths:4 | Received a gift from Okawaru
 48905 | Depths:4 | Found the +3 Mad Mage's Maulers {Infuse+∞ VampMP -Cast}
 49013 | Depths:4 | Found a gate to the Realm of Zot.
 49735 | Vaults:5 | Entered Level 5 of the Vaults
 49906 | Arena    | Entered the Arena
 50131 | Vaults:5 | Received a gift from Okawaru
 50350 | Vaults:5 | Reached XP level 26. HP: 179/179 MP: 40/40
 50365 | Vaults:5 | Noticed a dread lich
 50375 | Vaults:5 | Killed a dread lich
 50392 | Vaults:5 | Identified the +2 ring mail "Vikku" {rF- rC+ Will+}
 50504 | Vaults:5 | Identified the orb "Mimiutuzoi" {light, +Blink rC++ rCorr
                  | Dex-3}
 50690 | Vaults:5 | Got the Secrets of Contamination
 50712 | Vaults:5 | Got a silver rune of Zot
 50737 | Vaults:5 | Identified the +1 leather armour of Disus {rF+ Will+
                  | Regen+}
 51669 | D:10     | You paid a toll of +2 gold dragon scales to enter a
                  | treasure trove
 51670 | Trove    | Entered a treasure trove
 51680 | Trove    | Identified the +3 orcbow of Wealth {freeze, rElec}
 51684 | Trove    | Identified the +4 short sword of Duewud Ygin {freeze, *Rage
                  | rPois rCorr Str+8}
 51684 | Trove    | Found the +8 arc blade {discharge, rElec}
 51685 | Trove    | Identified the +10 short sword "Zatt" {venom, rElec rC+}
 51691 | Trove    | Identified the +6 shortbow "Deocump" {drain, Fly Str+3
                  | Int+3}
 51695 | Trove    | Identified the +7 shortbow of Immorality {heavy, *Slow rC+
                  | SInv}
 51946 | Zot:1    | Entered Level 1 of the Realm of Zot
 51946 | Zot:1    | Noticed a Killer Klown
 51947 | Zot:1    | Noticed a dread lich
 51964 | Depths:4 | Killed a Killer Klown
 52020 | Zot:1    | Noticed a Killer Klown
 52028 | Depths:4 | Killed a dread lich
 52031 | Zot:1    | Noticed a Killer Klown
 52036 | Zot:1    | Noticed a Killer Klown
 52036 | Zot:1    | Noticed a Killer Klown
 52044 | Depths:4 | Killed a Killer Klown
 52136 | Depths:4 | Killed a Killer Klown
 52144 | Depths:4 | Killed a Killer Klown
 52168 | Zot:1    | Killed a Killer Klown
 52452 | Zot:1    | Noticed an orb of fire
 52459 | Zot:1    | Killed an orb of fire
 52827 | Zot:1    | Noticed a curse toe
 52834 | Zot:1    | Killed a curse toe
 53063 | Zot:1    | Received a gift from Okawaru
 53370 | Zot:2    | Reached XP level 27. HP: 189/189 MP: 40/40
 53552 | Zot:2    | Identified the +2 orcbow "Imaerif" {antimagic, rF- rN+
                  | Str+5 Int-4} (Okawaru gifted it to you on level 2 of the
                  | Realm of Zot)
 53552 | Zot:2    | Received a gift from Okawaru
 53614 | Zot:2    | Noticed a Killer Klown
 53624 | Zot:2    | Killed a Killer Klown
 54338 | Zot:3    | Received a gift from Okawaru
 54987 | Zot:4    | Identified the +9 plate armour of Indecent Exposure {Str+2}
 55586 | Zot:5    | Entered Level 5 of the Realm of Zot
 55606 | Zot:5    | Found Kozyxow's Changing Room.
 55685 | Zot:5    | Bought a potion of mutation for 184 gold pieces
 55697 | Zot:5    | Noticed an orb of fire
 55708 | Zot:5    | Gained mutation: You are dopey. (Int -2) [an orb of fire]
 55709 | Zot:5    | Gained mutation: Your magical capacity is low. (-10% MP)
                  | [an orb of fire]
 55722 | Zot:5    | Killed an orb of fire
 55982 | Zot:5    | Identified the +1 pair of gloves "Earthly Heaven" {rElec
                  | Int+2} (Okawaru gifted it to you on level 5 of the Realm of
                  | Zot)
 55982 | Zot:5    | Received a gift from Okawaru
 56007 | Zot:5    | Noticed an orb of fire
 56010 | Zot:5    | Noticed a Killer Klown
 56012 | Zot:5    | Noticed an orb of fire
 56108 | Zot:4    | Gained mutation: You are occasionally teleported next to
                  | monsters. [an orb of fire]
 56109 | Zot:4    | Gained mutation: Your body often deteriorates upon taking
                  | damage. [an orb of fire]
 56110 | Zot:4    | Killed an orb of fire
 56112 | Zot:4    | Lost mutation: Your body often deteriorates upon taking
                  | damage. [potion of mutation]
 56112 | Zot:4    | Lost mutation: Your magical capacity is low. (-10% MP)
                  | [potion of mutation]
 56112 | Zot:4    | Lost mutation: You are occasionally teleported next to
                  | monsters. [potion of mutation]
 56112 | Zot:4    | Gained mutation: Your magical capacity is low. (-10% MP)
                  | [potion of mutation]
 56112 | Zot:4    | Gained mutation: You passively map a small area around you.
                  | [potion of mutation]
 56112 | Zot:4    | Gained mutation: You have sharp toenails. [potion of
                  | mutation]
 56146 | Zot:5    | Noticed a dread lich
 56147 | Zot:5    | Gained mutation: You are frail. (-10% HP) [an orb of fire]
 56148 | Zot:5    | Noticed a dread lich
 56151 | Zot:5    | Killed an orb of fire
 56152 | Zot:5    | Noticed an ancient lich
 56160 | Zot:5    | Killed a dread lich
 56168 | Zot:5    | Killed a dread lich
 56172 | Zot:5    | Killed a Killer Klown
 56172 | Zot:5    | Noticed an orb of fire
 56177 | Zot:5    | Gained mutation: Your magical capacity is very low. (-20%
                  | MP) [an orb of fire]
 56178 | Zot:5    | Killed an orb of fire
 56184 | Zot:5    | Killed an ancient lich
 56214 | Zot:5    | Lost mutation: You are frail. (-10% HP) [potion of
                  | mutation]
 56214 | Zot:5    | Lost mutation: You are dopey. (Int -2) [potion of mutation]
 56219 | Zot:5    | Noticed an ancient lich
 56254 | Zot:5    | Killed an ancient lich
 56307 | Zot:5    | Noticed a dread lich
 56311 | Zot:5    | Killed a dread lich
 56351 | Zot:5    | Noticed an orb of fire
 56352 | Zot:5    | Gained mutation: You occasionally lose the ability to drink
                  | potions when taking damage. [an orb of fire]
 56354 | Zot:5    | Gained mutation: You are vulnerable to heat. (rF-) [an orb
                  | of fire]
 56355 | Zot:5    | Killed an orb of fire
 56358 | Zot:5    | Lost mutation: You occasionally lose the ability to drink
                  | potions when taking damage. [potion of mutation]
 56358 | Zot:5    | Lost mutation: Your magical capacity is very low. (-20% MP)
                  | [potion of mutation]
 56358 | Zot:5    | Lost mutation: You passively map a small area around you.
                  | [potion of mutation]
 56358 | Zot:5    | Gained mutation: You are robust. (+10% HP) [potion of
                  | mutation]
 56359 | Zot:5    | Lost mutation: You are vulnerable to heat. (rF-) [potion of
                  | mutation]
 56359 | Zot:5    | Lost mutation: You have sharp toenails. [potion of
                  | mutation]
 56359 | Zot:5    | Gained mutation: Your natural rate of healing is unusually
                  | fast. [potion of mutation]
 56359 | Zot:5    | Gained mutation: You are somewhat resistant to further
                  | mutation. [potion of mutation]
 56396 | Zot:5    | Noticed an ancient lich
 56401 | Zot:5    | Killed an ancient lich
 56402 | Zot:5    | Noticed a dread lich
 56411 | Zot:5    | Killed a dread lich
 56411 | Zot:5    | Received a gift from Okawaru
 56556 | Zot:5    | Got the Orb of Zot
 56764 | Depths:4 | Reached skill level 27 in Ranged Weapons
 57162 | D:$      | Escaped with the Orb!

Illustrated notes

Levels and vault maps discovered:
D:1:      orjb1_clovarrival, layout_basic, ebering_ecumenical_altar_mist,
          chequers_serial_rivers_marsh
D:2:      wander_river, layout_loops_ring, minmay_joined_circles, uniq_natasha,
          uniq_crazy_yiuf_cottage
D:3:      layout_loops_ring, mainiacjoe_overflow_paths, general_overflow_altar,
          zin_scriptorium, minmay_snake_closets, uniq_sigmund
D:4:      layout_rooms, bloody_makhleb, mainiacjoe_overflow_divided_tiny,
          gup_sewer_entry_glass
D:5:      layout_gridville, mainiacjoe_overflow_small_starburst,
          minmay_temple_entry_tees, uniq_duvessa
D:6:      layout_loops_ring, amcnicky_altar_gilded, eino_tiny_chamber,
          uniq_menkaure, uniq_maggie
D:7:      lemuel_ice_spiral_2, layout_basic, grunt_gozag_statues, led_sif_book,
          minmay_ruined_shrine
D:8:      layout_rooms, nicolae_ashenzari_panopticon, lair_entry_dummy,
          nicolae_ossuary_entry_monument, grunt_ministairs_6
D:9:      layout_loops_ring, nicolae_yredelemnul_corpse_copse, elyvilon_altar_3,
          orc_0_dummy, enter_bailey_6
D:10:     layout_loops_ring, mainiacjoe_overflow_concentric_impassable,
          lemuel_tele_altar, lemuel_doored_altar, serial_co_window_serial,
          co_window_paths_a, co_window_corner_a, co_window_of_opportunity_a,
          co_window_paths_a, co_window_paths_a, co_window_paths_b,
          co_window_broadway_c, co_window_broadway_b, co_window_broadway_b,
          glass_columns_a, glass_columns_a, enter_trove_3, uniq_lodul
D:11:     layout_loops_corners, serial_shops, shop
D:12:     layout_loops_cross, feat_on_display
D:13:     layout_roguey, hellmonk_vaults_order_and_chaos,
          lightli_fourway_metalbox
D:14:     layout_loops_ring, infiniplex_staircase_x, ice2_lemuel
D:15:     gammafunk_depths_entry_grave, layout_gridville, special_room
          [special_room_mythical_zoo], nicolae_ru_path_of_blood, st_stairs_7,
          uniq_rupert
Temple:   nicolae_temple_stand_before_the_council
Lair:1:   layout_cave_shapes
Lair:2:   beast_lair_carwin_large_1, layout_gridlike,
          nicolae_spider_entry_non_spiders, portal_ice_cave_entry_pillars_1,
          uniq_nergalle
Lair:3:   layout_regular_city, minmay_shoals_entry_lonely_mermaid,
          lemuel_fruit_fields, uniq_kirke
Lair:4:   layout_regular_city
Lair:5:   minmay_lair_end_frog_pond, layout_small_grid, slime_entry_1,
          minivault_11, grunt_forest_stairs_basic, kennysheep_rathole,
          lemuel_fruit_fields
Shoals:1: layout_shoals, serial_shops, nicolae_shop_real_fake_doors, shop,
          shop_fountains, shop, yaktaur_hedge
Shoals:2: layout_shoals, nicolae_shop_firing_range
Shoals:3: layout_shoals, serial_shops, nicolae_shop_statue_plus
Shoals:4: shoals_end_grunt_ice, layout_shoals, serial_shops, shop, uniq_roxanne
Spider:1: layout_spider_delve
Spider:2: nicolae_spider_brood_tunnel
Spider:3: layout_chambers, drop_trap, nicolae_spider_shape,
          hangedman_spider_tarantella_strand, uniq_bai_suzhen, uniq_donald,
          uniq_mlioglotl
Spider:4: spider_rune_water
Orc:1:    layout_caves, basic_altar, serial_shops,
          nicolae_shop_just_a_little_nook, ebering_ghost_reflecting_pool,
          uniq_snorg, uniq_urug
Orc:2:    grunt_orc_cross, layout_caves, basic_altar, elves_outpost_lemuel
Elf:1:    layout_onion_city, minmay_elf_necromancy
Elf:2:    elven_hall_of_blades_hangedman_alternative
          [nicolae_blade_little_rooms], layout_geoelf_octagon, minmay_shoptagon
Elf:3:    grunt_elf_hall_diamonds, layout_geoelf_diagonals,
          nicolae_twisty_statue_hallways
Vaults:1: vaults_room_grunt_arrival_checkpoint, nicolae_vaults_double_plus_2,
          vaults_mumra_hex, v_misc_30, nicolae_vaults_diagonal_hallway_7,
          hangedman_vaults_corner_blocks, nicolae_vaults_shipping_containers_1,
          nicolae_vaults_windows_and_doors_thing, vaults_room_door_ring,
          ontoclasm_vaults_claustrophobia, nicolae_vaults_shelves_hall,
          vaults_room_hallway, ontoclasm_vaults_shuriken, ontoclasm_vaults_eye,
          layout_vaults_omnibox, serial_shops, shop
Vaults:2: grunt_vaults_funnel, minmay_crypt_entry_necro_gods,
          nicolae_vaults_lightning_bolt, nicolae_vaults_three_branches,
          vaults_room_fancy_cross, nicolae_vaults_network_barrier,
          nicolae_vaults_steering_wheel, ontoclasm_vaults_loading_screen,
          v_misc_23, v_misc_11, v_alt_pattern_6, layout_vaults_chaotic_city,
          serial_shops, shop
Vaults:3: v_pattern_2, nicolae_vaults_trapezoid_lopsided_4,
          hangedman_vaults_cutoff, vaults_room_fours, nicolae_vaults_wrenched,
          vaults_room_grid, v_alt_pattern_1, vaults_dpeg_emergency_exit,
          nicolae_vaults_mini_display_case, nicolae_vaults_trapezoid_lopsided_3,
          nicolae_vaults_house_2, layout_vaults_quadrants
Vaults:4: vaults_room_hallway, dpeg_vaults_monster_row, ontoclasm_vaults_pinch,
          grunt_vaults_diagonal, not_door_vault_mu, hangedman_vaults_river_flow,
          ontoclasm_vaults_gateway, hangedman_vaults_restitches,
          hangedman_vaults_locks, ontoclasm_vaults_ring_square,
          hangedman_vaults_stretched_pinwheel, nicolae_vaults_double_plus_2,
          layout_vaults_omnicross, serial_shops, shop, shop, shop,
          nicolae_shop_drivethru, shop, uniq_saint_roka
Vaults:5: serial_shops
Depths:1: layout_honeycomb, hangedman_coc_ice_floe, abyss_entry,
          chequers_big_river, nicolae_wu_jian_glorious_leap
Depths:2: minmay_complete_graph, layout_basic, abyss_entry,
          rand_demon_pan_entry_5, nicolae_tso_swordbearing_angel, hell_entry,
          infiniplex_staircase_spiral
Depths:3: minmay_roctagon, layout_gridlike, enter_ziggurat_c,
          hangedman_geh_valley, abyss_entry, gammafunk_ghost_cemetery
Depths:4: lemuel_castle_with_subvaults [lemuel_castle_interior_original],
          layout_gridville, chequers_serial_rivers_room_b,
          rand_demon_pan_entry_7, hell_entry, uniq_frederick, uniq_boris,
          uniq_xtahua
Zot:1:    ebering_klown_carousel, layout_gridlike
Zot:2:    layout_misc_corridors
Zot:3:    layout_misc_corridors, grunt_megastairs_1
Zot:4:    layout_twisted_circle, hangedman_zot_decor_tridents,
          grunt_megastairs_4
Zot:5:    layout_misc_corridors, st_stairs_8, nicolae_transmutations_shop

Skill      XL: |  1  2  3  4  5  6  7  8  9 10 11 12 13 14 15 16 17 18 19 20 21 22 23 24 25 26 27 |
---------------+----------------------------------------------------------------------------------+-----
Dodging        | 4 5 6 8 9 10 12 14 15 16 17 19 20 22 24 26 | 26.9
Ranged Weapons | 1 3 4 6 8 9 11 12 14 15 17 18 19 20 21 22 23 26 27 | 27.0
Fighting       | 5 6 7 8 9 11 12 14 15 16 17 18 20 22 23 26 | 26.7
Invocations    | 2 5 7 10 11 12 13 14 15 19 22 24 27 | 27.0
Translocations | 3 6 8 |  8.0
Evocations     | 2 10 | 10.0
Short Blades   | |  4.0

Action                     |  1- 3 |  4- 6 |  7- 9 | 10-12 | 13-15 | 16-18 | 19-21 | 22-24 | 25-27 || total
---------------------------+-------+-------+-------+-------+-------+-------+-------+-------+-------++-------
  Melee: Short sword       |    52 |       |       |       |       |       |       |       |       ||    52
   Fire: Sling             |    44 |   253 |   199 |       |       |       |       |       |       ||   496
         Orcbow            |       |       |   153 |   887 |       |       |       |       |       ||  1040
         Arbalest          |       |       |       |    58 |   887 |   352 |       |       |       ||  1297
         Triple crossbow   |       |       |       |       |       |   715 |   930 |   940 |  1210 ||  3795
  Throw: Dart              |       |       |       |       |     2 |       |       |       |       ||     2
   Cast: Blink             |       |       |       |       |       |    22 |     6 |     2 |     3 ||    33
         Apportation       |       |       |       |       |       |     4 |     1 |       |       ||     5
 Invoke: Heroism           |       |       |     5 |    11 |     8 |     9 |     7 |     2 |     3 ||    45
         Finesse           |       |       |       |     1 |     6 |     7 |     7 |     9 |    16 ||    46
         Duel              |       |       |       |       |       |       |       |     2 |     1 ||     3
  Evoke: Wand              |       |       |     4 |     4 |       |       |       |    11 |     4 ||    23
         Lightning rod     |       |       |       |       |       |       |     4 |     1 |       ||     5
         Phial of floods   |       |       |       |       |       |       |       |     1 |       ||     1
    Use: Potion            |     1 |       |       |     3 |       |     1 |     3 |     9 |    13 ||    30
         Scroll            |       |     1 |       |    11 |     6 |    12 |     8 |     7 |    10 ||    55
   Stab: Sleeping          |     2 |       |       |       |       |       |       |       |       ||     2
 Armour: Robe              |    18 |    46 |    62 |   121 |    64 |    83 |    41 |    45 |    17 ||   497
         Leather armour    |       |       |       |       |    53 |    27 |       |       |    42 ||   122
         Skin              |       |       |       |       |       |       |       |       |    16 ||    16
  Dodge: Dodged            |    44 |   145 |   206 |   556 |   706 |   914 |   802 |   478 |   923 ||  4774
         Repelled          |       |       |       |       |       |     5 |     7 |     8 |       ||    20

Table legend: (Time is in decaauts)
 A = Elapsed time spent in this place.
 B = Non-inter-level travel time spent in this place.
 C = Inter-level travel time spent in this place.
 D = Time resting spent in this place.
 E = Time spent auto-exploring this place.
 F = Levels seen in this place.
 G = Mean time per level.
                   A        B        C        D        E       F      G
               +--------+--------+--------+--------+--------+-----+--------+
         Total |  57612 |  53022 |   4590 |   2524 |  37743 |  57 | 1010.7 |
       Dungeon |  17313 |  15241 |   2072 |    645 |  11019 |  15 | 1154.2 |
        Temple |     24 |      2 |     22 |      0 |      0 |   1 |   24.0 |
          Lair |   6853 |   6482 |    371 |    204 |   4804 |   5 | 1370.6 |
        Shoals |   4569 |   4383 |    186 |    224 |   3304 |   4 | 1142.2 |
   Spider Nest |   3650 |   3453 |    197 |    162 |   2648 |   4 |  912.5 |
  Orcish Mines |   1925 |   1697 |    228 |    187 |   1023 |   2 |  962.5 |
   Elven Halls |   3136 |   3000 |    136 |     25 |   2311 |   3 | 1045.3 |
        Vaults |   8209 |   7599 |    610 |    151 |   5555 |   5 | 1641.8 |
        Depths |   5624 |   5134 |    490 |    243 |   3739 |   4 | 1406.0 |
           Zot |   4489 |   4214 |    275 |    225 |   2817 |   5 |  897.8 |
         Abyss |     57 |     57 |      0 |      0 |      0 |   1 |   57.0 |
         Trove |     33 |     33 |      0 |      0 |      0 |   1 |   33.0 |
         Sewer |    231 |    231 |      0 |      0 |    136 |   1 |  231.0 |
       Ossuary |    266 |    266 |      0 |      0 |     42 |   1 |  266.0 |
        Bailey |    553 |    553 |      0 |    131 |    222 |   1 |  553.0 |
      Ice Cave |    619 |    619 |      0 |    291 |    121 |   1 |  619.0 |
         Arena |     53 |     53 |      0 |     35 |      0 |   3 |   17.7 |
               +--------+--------+--------+--------+--------+-----+--------+

Top non-repeatable levels by time:
Vaults:2: 1959 daAuts
Depths:4: 1898 daAuts
Vaults:1: 1739 daAuts
  Lair:5: 1581 daAuts
Vaults:5: 1559 daAuts
  Lair:3: 1533 daAuts
Vaults:4: 1499 daAuts
     D:9: 1472 daAuts
    D:11: 1470 daAuts
    D:10: 1456 daAuts
Vaults:3: 1451 daAuts
  Lair:4: 1433 daAuts
    D:13: 1427 daAuts
Shoals:4: 1406 daAuts
Spider:3: 1345 daAuts
